 Dungeon Crawl Stone Soup version 0.25-a0-166-g16436c4407 (webtiles) character file.

Game seed: 12056191685478765947, levelgen mode: deterministic

424 Leeroy the Conjurer (level 6, -2/43 (45) HPs)
             Began as a Draconian Conjurer on Nov 24, 2019.
             Killed by nerve-wracking pain
             ... invoked by Grinder
              (6 damage)
             ... while paralysed by Grinder
             ... on level 3 of the Dungeon.
             The game lasted 00:11:16 (4399 turns).

Leeroy the Conjurer (Draconian Conjurer)            Turns: 4399, Time: 00:11:16

HP:   -2/43 (45)    AC:  9    Str: 11    XL:     6   Next: 64%
MP:   5/9           EV:  2    Int: 17    God:
Gold: 157           SH:  0    Dex: 11    Spells: 2/9 levels left

rFire    . . .     SeeInvis .   A - +0 long sword
rCold    . . .     Gourm    .   (no shield)
rNeg     . . .     Faith    .   (armour unavailable)
rPois    .         Spirit   .   (helmet restricted)
rElec    .         Reflect  .   c - +0 cloak
rCorr    .         Harm     .   u - +1 pair of gloves
MR       .....                  (no boots)
Stlth    ++........             (no amulet)
HPRegen  0.14/turn              k - ring of flight
MPRegen  0.11/turn              (no ring)

@: paralysed
A: unfitting armour, cold-blooded, AC +6
a: Evoke Flight


You were on level 3 of the Dungeon.
You were not hungry.

You visited 1 branch of the dungeon, and saw 4 of its levels.

You collected 157 gold pieces.

Inventory:

Hand Weapons
 d - a +0 dagger
 g - a +0 short sword
 i - a +0 dagger
 s - a +0 hunting sling
 A - a +0 long sword (weapon)
 D - a +0 falchion
 G - a +0 battleaxe
Missiles
 m - 14 sling bullets
 p - 19 poisoned darts (quivered)
Armour
 c - a +0 cloak (worn)
 u - a +1 pair of gloves (worn)
Jewellery
 k - a ring of flight (left hand)
Wands
 F - a wand of digging (5)
Scrolls
 e - 3 scrolls of identify
 j - 3 scrolls of blinking {unknown}
 n - 2 scrolls of amnesia {unknown}
 o - 6 scrolls of remove curse
 q - a scroll of immolation {unknown}
 y - a scroll of enchant weapon {unknown}
 B - a scroll of fog {unknown}
 C - 3 scrolls of fear {unknown}
 E - 2 scrolls of noise {unknown}
Potions
 a - 2 potions of mutation {unknown}
 f - a potion of lignification {unknown}
 h - a potion of resistance
 l - a potion of degeneration {unknown}
 r - 2 potions of ambrosia {unknown}
 t - a potion of invisibility {unknown}
 w - a potion of haste {unknown}
 x - 2 potions of berserk rage {unknown}
 z - a potion of curing {unknown}
 H - a potion of heal wounds {unknown}
Comestibles
 b - 3 rations
 v - 9 chunks of flesh


   Skills:
 + Level 4.7 Long Blades
 - Level 1.7 Dodging
 - Level 1.7 Stealth
 - Level 2.0 Spellcasting
 - Level 6.3 Conjurations


You had 2 spell levels left.
You knew the following spells:

 Your Spells              Type           Power        Failure   Level  Hunger
a - Magic Dart            Conj           ###.         1%          1    #......
b - Searing Ray           Conj           ###...       2%          2    ###....
c - Iskenderun's Mystic   Conj           ###.....     14%         4    #####..

Your spell library contained the following spells:

 Spells                   Type           Power        Failure   Level  Hunger
 Dazzling Spray           Conj/Hex       ##....       16%         3    ###....
 Force Lance              Conj/Tloc      ##......     45%         4    #####..
 Fulminant Prism          Conj/Hex       ##........   45%         4    #####..


Dungeon Overview and Level Annotations

Branches:
Dungeon (4/15)
 Temple: D:4-7

Altars:

Annotations:
D:3 Grinder


Innate Abilities, Weirdness & Mutations

Your plain brown scales are hard. (AC +6)
You cannot fit into any form of body armour.
You are cold-blooded and may be slowed by cold attacks.


Message History

The searing ray hits Grinder.
Grinder is moderately wounded. (Press . to maintain the ray.) Grinder hits you.
You writhe in agony.
The searing ray hits Grinder.
Grinder is heavily wounded.
Grinder gestures at you. You resist with significant effort.
The searing ray hits Grinder.
Grinder is heavily wounded.
Grinder gestures at you.
You suddenly lose the ability to move!
Grinder hits you but does no damage. Grinder hits you!
* * * LOW HITPOINT WARNING * * *
You writhe in agony.
* * * LOW HITPOINT WARNING * * *
Grinder gestures at you. Pain shoots through your body!
You die...

#.##....##.....# #..#
#.##.#.#####.#### #.##
#......##.......## #.#
####.#...........###.#
#.......##..#.#.##.########
#..#.##.##....##.#......... #####
#..#.##.###........#..#.##.
....###....##.>......###.#..#.##.
..#..##.#####.รท[@......#....)....
#.##..........##5##.##.#.#..#.##.
#..#...##.###.#.....##.#.........
...#.#.##.# #.#...#.##.###.......
..##...##.# #5......##.# #.######
###..####.# ###........# #...#
....#####.# #...##########.#
#.........# #...# #......#.#
#.#############...###.#.##.#.#


You could see Grinder.

Vanquished Creatures
  A necrophage (D:3)
  A big kobold (D:4)
  A hound (D:3)
  An orc wizard (D:3)
  A worker ant (D:4)
  4 adders (D:3)
  A shadow imp (D:3)
  3 oozes
  An adder skeleton (D:4)
  4 worms (D:3)
  A dart slug (D:1)
  A leopard gecko (D:3)
  6 orcs
  3 giant cockroaches
  11 goblins
  11 hobgoblins
  3 jackals
  4 quokkas
  5 ball pythons
  11 bats
  7 frilled lizards
  26 kobolds
  5 rats
112 creatures vanquished.

Vanquished Creatures (others)
  2 plants (D:4)
2 creatures vanquished.

Grand Total: 114 creatures vanquished

Notes
Turn   | Place    | Note
-------+----------+-------------------------------------------
     0 | D:1      | Leeroy the Draconian Conjurer began the quest for the Orb.
     0 | D:1      | Reached XP level 1. HP: 14/14 MP: 3/3
   537 | D:1      | Reached XP level 2. HP: 14/20 MP: 5/5
   797 | D:1      | Reached skill level 5 in Conjurations
   800 | D:1      | Reached XP level 3. HP: 16/26 MP: 6/6
  1189 | D:2      | Learned a level 2 spell: Searing Ray
  2243 | D:3      | Noticed Grinder
  2249 | D:3      | Paralysed by Grinder for 3 turns
  2752 | D:3      | Reached XP level 4. HP: 32/33 MP: 7/7
  3189 | D:3      | Reached skill level 6 in Conjurations
  3228 | D:3      | Reached XP level 5. HP: 24/38 MP: 8/8
  3259 | D:4      | Noticed a necrophage
  3259 | D:4      | Noticed a phantom
  3570 | D:3      | Reached skill level 1 in Long Blades
  3985 | D:3      | Learned a level 4 spell: Iskenderun's Mystic Blast
  3996 | D:3      | Killed a necrophage
  3996 | D:3      | Reached XP level 6. HP: 41/43 MP: 3/9
  4313 | D:4      | Noticed a sky beast
  4396 | D:3      | Paralysed by Grinder for 7 turns
  4399 | D:3      | Killed from afar by Grinder

Levels and vault maps discovered:
D:1:      dpeg_arrival_orchard, layout_basic, grunt_decor_resistance,
          kennysheep_decorative_pillar
D:2:      layout_loops_corners, first_ration
D:3:      layout_loops_cross, minmay_close_crescents, uniq_grinder
D:4:      kennysheep_kobold_camp, layout_cave_pools, old_standard_altar,
          lemuel_round_altar

Skill      XL: |  1  2  3  4  5  6 |
---------------+-------------------+-----
Conjurations   | 5 6 |  6.3
Long Blades    | 3 4 |  4.7
Dodging        | |  1.7
Stealth        | |  1.7
Spellcasting   | |  2.0

Action                   |  1- 3 |  4- 6 || total
-------------------------+-------+-------++-------
Melee: Unarmed           |    61 |       ||    61
       Dagger            |   203 |     1 ||   204
       Tailslap          |    27 |    17 ||    44
       Long sword        |       |   155 ||   155
 Cast: Magic Dart        |    15 |     2 ||    17
       Searing Ray       |     2 |    11 ||    13
  Use: Scroll            |       |     3 ||     3
 Stab: Sleeping          |     3 |     3 ||     6
  Eat: Chunk             |     3 |     7 ||    10
       Ration            |     1 |       ||     1
Armor: Skin              |   111 |    96 ||   207
Dodge: Dodged            |   212 |   133 ||   345
       Rpst.: Long sword |       |    44 ||    44

Table legend:
 A = Non-vault XP
 B = Vault XP
 C = Vault XP percentage of total XP
 D = Non-vault monster count
 E = Vault monster count
 F = Vault count percentage of total count
                 A         B        C        D         E       F
            +---------+---------+-------+---------+---------+-------
      Total |     442 |     164 |  27.1 |      85 |      27 |  24.1
            +---------+---------+-------+---------+---------+-------
        D:1 |      55 |       0 |   0.0 |      26 |       0 |   0.0
        D:2 |      34 |       0 |   0.0 |      19 |       0 |   0.0
        D:3 |     313 |      34 |   9.8 |      37 |       6 |  14.0
        D:4 |      40 |     130 |  76.5 |       3 |      21 |  87.5
            +---------+---------+-------+---------+---------+-------
